 Dungeon Crawl Stone Soup version 0.31.0-9-g3a7656b989 (webtiles) character file.

Game seed: 3248557695141455010

282 qw the Skirmisher (level 6, -3/35 HPs)
             Began as a Deep Elf Hunter on Feb 3, 2024.
             Incinerated by a bombardier beetle (4 damage)
             ... with a burning spray
             ... on level 4 of the Dungeon.
             The game lasted 00:01:43 (2633 turns).

qw the Skirmisher (Deep Elf Hunter)                 Turns: 2633, Time: 00:01:43

Health: -3/35      AC:  6    Str: 10    XL:     6   Next: 6%
Magic:  8/8        EV: 26    Int: 14    God:
Gold:   113        SH:  0    Dex: 18    Spells: 5/5 levels left

rFire   . . .        a - +0 shortbow (freeze)
rCold   . . .        (shield currently unavailable)
rNeg    + . .        c - +0 ring mail
rPois   .            d - +0 helmet
rElec   .            (no cloak)
rCorr   .            (no gloves)
SInv    .            (no boots)
Will    .....        h - amulet of the acrobat
Stlth   +            e - ring of positive energy
HPRegen 0.25/turn    (no ring)
MPRegen 0.11/turn

%: acrobat
@: on fire, acrobatic, glowing
A: no striking features
a: no special abilities


You were on level 4 of the Dungeon.
You visited 1 branch of the dungeon, and saw 4 of its levels.

You collected 140 gold pieces.
You spent 27 gold pieces at shops.


   Skills:
 - Level 2.0 Fighting
 + Level 9.2 Ranged Weapons
 - Level 1.0 Armour
 - Level 2.4 Dodging
 - Level 1.2 Stealth


You had 5 spell levels left.
You didn't know any spells.
Your spell library was empty.

Inventory:

Hand Weapons
 a - a +0 shortbow of freezing (weapon)
Armour
 c - a +0 ring mail (worn)
 d - a +0 helmet (worn)
Jewellery
 e - a ring of positive energy (left hand)
 h - an amulet of the acrobat (around neck)
 j - a ring of flight
Wands
 m - a wand of flame (3)
Scrolls
 p - a scroll of silence {unknown}
Potions
 b - a potion of mutation
 f - a potion of might
 g - a potion of haste {unknown}
 i - a potion of resistance {unknown}
 k - a potion of invisibility {unknown}
 l - a potion of cancellation
 n - a potion of brilliance {unknown}
 o - a potion of curing {unknown}

Dungeon Overview and Level Annotations

Branches:
Dungeon (4/15)
 Temple: D:4-7

Altars:
Cheibriados
Makhleb
Yredelemnul

Shops:
D:1 *


Message History

A goblin comes into view. It is wielding a +0 club.
You shoot an arrow. The arrow hits the goblin!
The arrow freezes the goblin.
You kill the goblin!
A bombardier beetle comes into view.
You shoot an arrow. The arrow hits the bombardier beetle.
The arrow freezes the bombardier beetle.
The bombardier beetle is lightly wounded.
You shoot an arrow.
The arrow barely misses the bombardier beetle.
The bombardier beetle sprays incendiary fluid at you.
The burning spray hits you.
You are covered in liquid fire!
You shoot an arrow. The arrow hits the bombardier beetle.
The arrow freezes the bombardier beetle.
The bombardier beetle is moderately wounded.
The liquid fire burns you!
You shoot an arrow. The arrow hits the bombardier beetle.
The arrow freezes the bombardier beetle.
The bombardier beetle is severely wounded.
The liquid fire burns you!
You shoot an arrow. The arrow hits the bombardier beetle.
The arrow freezes the bombardier beetle.
The bombardier beetle is almost dead.
The liquid fire burns you!
You shoot an arrow. The arrow hits the bombardier beetle.
The arrow freezes the bombardier beetle.
You kill the bombardier beetle!
The liquid fire burns you!
You have reached level 6!
You are on fire!
The liquid fire burns you!
You are on fire!
The liquid fire burns you!
You are on fire!
The liquid fire burns you!
You are on fire!
The liquid fire burns you!
You are on fire!
The liquid fire burns you!
You die...

########.#
##............#........#
..............#.########
..............#.# #
............. #.# #
.......... #.# #
#.%....# #.# # #......#
###.# # #@#####...######
#.##>...........#
#..<###.###.#...#
#...............# .#
........#####.....+
........# #.#####
........# #.# ........#
#+# .........


There were no monsters in sight!

Vanquished Creatures
  A bombardier beetle (D:4)
  A jelly (D:3)
  Terence (D:2)
  An orc wizard (D:3)
  7 adders
  A river rat (D:3)
  3 ribbon worms
  3 dart slugs (D:1)
  5 orcs (D:3)
  An endoplasm (D:3)
  5 giant cockroaches
  7 goblins
  7 hobgoblins
  6 jackals
  4 kobolds
  8 quokkas
  4 ball pythons
  8 bats
  A frilled lizard (D:1)
  2 quokka zombies (D:3)
  3 rats
79 creatures vanquished.

Notes
Turn   | Place    | Note
-------+----------+-------------------------------------------
     0 | D:1      | qw the Deep Elf Hunter began the quest for the Orb.
     0 | D:1      | Reached XP level 1. HP: 12/12 MP: 3/3
     0 | D:1      | 0 ||| qw: Version: 0.3-a-155-g5e7d8dd
     0 | D:1      | 0 ||| qw: Game counter: 3059
     0 | D:1      | 0 ||| qw: Melee chars always use a shield: true
     0 | D:1      | 0 ||| qw: God list: Okawaru
     0 | D:1      | 0 ||| qw: Allow faded altars: false
     0 | D:1      | 0 ||| qw: Do Orc after clearing Dungeon:15 true
     0 | D:1      | 0 ||| qw: Do second Lair branch before Depths: true
     0 | D:1      | 0 ||| qw: Lair rune preference: random
     0 | D:1      | 0 ||| qw: Goals: Normal
     0 | D:1      | 0 ||| PLANNING D:1-11
   134 | D:1      | Found Luteev's Assorted Antiques.
   139 | D:1      | 139 ||| BUYING cyan potion (27 gold).
   139 | D:1      | Bought a cyan potion for 27 gold pieces
   139 | D:1      | 139 ||| SHOPLISTING pink potion (27 gold, have 16).
   139 | D:1      | 139 ||| SHOPLISTING ruby potion (27 gold, have 16).
   139 | D:1      | 139 ||| SHOPLISTING scroll labelled GIPOCIPNAI (31 gold,
                  | have 16).
   139 | D:1      | 139 ||| SHOPLISTING smoky silvery potion (27 gold, have
                  | 16).
   160 | D:1      | Reached skill level 6 in Ranged Weapons
   160 | D:1      | Reached XP level 2. HP: 16/16 MP: 4/4
   205 | D:1      | Found a faded altar of an unknown god.
   569 | D:1      | Reached XP level 3. HP: 20/20 MP: 5/5
   635 | D:1      | 635 ||| READING scroll labelled XIULEJ GODWI.
   639 | D:1      | 639 ||| READING scroll labelled MEVUKH HICSING.
   640 | D:1      | 640 ||| READING scroll labelled SIFERU RONUVUC.
   640 | D:1      | 640 ||| BRANDING +0 shortbow.
   641 | D:1      | 641 ||| DRINKING 3 cyan potions.
   642 | D:1      | 642 ||| DROPPING scroll of butterflies.
   744 | D:2      | Noticed Terence
   749 | D:2      | HP: 1/20 [Terence/+0 flail (7)]
   750 | D:2      | 750 ||| READING scroll of teleportation.
   751 | D:2      | 751 ||| DRINKING 2 potions of heal wounds.
   816 | D:2      | Reached skill level 7 in Ranged Weapons
   816 | D:2      | HP: 5/20 [poisoned by an adder]
  1175 | D:2      | Killed Terence
  1176 | D:2      | Reached XP level 4. HP: 25/25 MP: 6/6
  1359 | D:2      | 1359 ||| UPGRADING to +0 scale mail.
  1369 | D:2      | 1369 ||| DROPPING +0 leather armour.
  1370 | D:2      | 1370 ||| UPGRADING to amulet of the acrobat.
  1375 | D:2      | 1375 ||| DROPPING amulet of magic regeneration.
  1376 | D:2      | 1376 ||| UPGRADING to ring of positive energy.
  1377 | D:2      | 1377 ||| READING scroll labelled GIPOCIPNAI.
  1377 | D:2      | 1377 ||| IDENTIFYING blue potion
  1378 | D:2      | 1378 ||| DRINKING 2 sapphire potions.
  1399 | D:3      | 1399 ||| PLANNING SEWER
  1463 | D:3      | Reached skill level 8 in Ranged Weapons
  1464 | D:3      | HP: 6/25 [something (1)]
  1465 | D:3      | 1465 ||| DRINKING potion of heal wounds.
  1482 | D:3      | HP: 6/25 [something/magic dart (4)]
  1484 | D:3      | Reached XP level 5. HP: 8/29 MP: 7/7
  1790 | D:3      | Reached skill level 9 in Ranged Weapons
  1919 | D:3      | Found a basalt altar of Yredelemnul.
  2071 | D:3      | Found a snail-covered altar of Cheibriados.
  2123 | D:3      | 2123 ||| RIP SEWER
  2172 | D:3      | 2172 ||| PLANNING D:1-11
  2264 | D:3      | Reached skill level 1 in Armour
  2336 | D:3      | 2336 ||| UPGRADING to +0 ring mail.
  2346 | D:3      | 2346 ||| UPGRADING to +0 helmet.
  2351 | D:3      | 2351 ||| DROPPING +0 scale mail.
  2352 | D:3      | 2352 ||| READING scroll labelled COUNOLLOTHRY.
  2353 | D:3      | 2353 ||| DRINKING 2 smoky yellow potions.
  2355 | D:3      | 2355 ||| Stepping ~*~*~tactically~*~*~ (cloud).
  2558 | D:4      | Found a burning altar of Makhleb.
  2558 | D:4      | Noticed a blizzard demon
  2629 | D:4      | Reached XP level 6. HP: 15/35 MP: 8/8
  2630 | D:4      | HP: 7/35 [burnt (3)]
  2632 | D:4      | HP: 1/35 [burnt (3)]
  2633 | D:4      | Incinerated by a bombardier beetle

Levels and vault maps discovered:
D:1:      zelgadis_glass_arrival_small, layout_basic,
          shapermc_ecumenical_altar_mp_urbaneastern, serial_shops,
          nicolae_shop_pleasant_corner_grove
D:2:      layout_loops_ring, uniq_terence
D:3:      layout_loops_ring, lemuel_zombie_altar_yredelemnul,
          cheibriados_altar_1, gup_sewer_entry_spiral
D:4:      layout_basic, makhleb_altar_promises_db, serial_shops,
          kennysheep_little_box

Skill      XL: |  1  2  3  4  5 |
---------------+----------------+-----
Ranged Weapons | 6 7 8 9 |  9.2
Fighting       | 2 |  2.0
Armour         | 1 |  1.0
Dodging        | |  2.4
Stealth        | |  1.2

Action                     |  1- 3 |  4- 6 || total
---------------------------+-------+-------++-------
   Fire: Shortbow          |   119 |   163 ||   282
    Use: Scroll            |     4 |     2 ||     6
         Potion            |     2 |     3 ||     5
 Armour: Leather armour    |    25 |     3 ||    28
         Scale mail        |       |    85 ||    85
         Ring mail         |       |     8 ||     8
  Dodge: Dodged            |    40 |    47 ||    87

Table legend:
 A = Non-vault XP
 B = Vault XP
 C = Vault XP percentage of total XP
 D = Non-vault monster count
 E = Vault monster count
 F = Vault count percentage of total count
                 A         B        C        D         E       F
            +---------+---------+-------+---------+---------+-------
      Total |     313 |      90 |  22.3 |      68 |      11 |  13.9
            +---------+---------+-------+---------+---------+-------
        D:1 |      43 |       0 |   0.0 |      22 |       0 |   0.0
        D:2 |      62 |      36 |  36.7 |      19 |       1 |   5.0
        D:3 |     149 |      54 |  26.6 |      20 |      10 |  33.3
        D:4 |      59 |       0 |   0.0 |       7 |       0 |   0.0
            +---------+---------+-------+---------+---------+-------
